 Dungeon Crawl Stone Soup version 0.27.1-33-g824d729ab1 (webtiles) character file.

Game seed: 14414494503255939259

3168 dohliylev the Spear-Bearer (level 9, -10/81 HPs)
             Began as a Minotaur Berserker on Dec 27, 2021.
             Was a Priest of Trog.
             Mangled by a six-headed hydra (11 damage)
             ... on level 8 of the Dungeon.
             The game lasted 00:18:34 (8739 turns).

dohliylev the Spear-Bearer (Minotaur Berserker)     Turns: 8739, Time: 00:18:34

Health: -10/81     AC: 15    Str: 32    XL:     9   Next: 63%
Magic:  0/10       EV:  9    Int:  4    God:    Trog [***...]
Gold:   361        SH:  0    Dex:  9    Spells: 10/10 levels left

rFire    + . .     SeeInvis .   x - +3 scythe "Igigguo" {freeze, rF+}
rCold    . . .     Faith    .   (shield currently unavailable)
rNeg     . . .     Spirit   +   u - +0 plate armour
rPois    .         Reflect  .   (helmet restricted)
rElec    .         Harm     .   d - scarf {repulsion}
rCorr    .         Rampage  .   c - +0 pair of gloves
Will     +++..                  (no boots)
Stlth    ..........             k - amulet of guardian spirit
HPRegen  1.23/turn              s - ring of willpower
MPRegen  0.12/turn              y - +6 ring of strength

@: strong-willed, on berserk cooldown, regenerating, slowed, repel missiles,
very slow
A: horns 2, retaliatory headbutt
a: Renounce Religion, Berserk, Trog's Hand


You were on level 8 of the Dungeon.
You worshipped Trog.
Trog was most pleased with you.
You visited 1 branch of the dungeon, and saw 8 of its levels.

You collected 361 gold pieces.

Inventory:

Hand Weapons
 b - a +0 antimagic halberd
 x - the +3 scythe "Igigguo" (weapon) {freeze, rF+}
   (You found it on level 6 of the Dungeon)

   It freezes those it strikes, dealing additional cold damage.
   It can also slow down cold-blooded creatures.
   rF:        It protects you from fire.
Armour
 c - a +0 pair of gloves (worn)
 d - a scarf of repulsion (worn)
 e - +0 steam dragon scales
 r - a +0 buckler
 u - a +0 plate armour (worn)
Jewellery
 k - an amulet of guardian spirit (around neck)
 s - a ring of willpower (left hand)
 y - a +6 ring of strength (right hand)
Scrolls
 i - 2 scrolls of teleportation
 m - 2 scrolls of magic mapping
 o - 2 scrolls of fog
 v - 2 scrolls of blinking
 z - a scroll of enchant weapon {unknown}
Potions
 a - 3 potions of curing {unknown}
 f - 2 potions of ambrosia {unknown}
 g - 2 potions of heal wounds {unknown}
 h - a potion of flight {unknown}
 j - a potion of degeneration {unknown}
 l - a potion of attraction {unknown}
 p - 3 potions of brilliance {unknown}
 q - 3 potions of haste {unknown}
 t - a potion of resistance {unknown}


   Skills:
 + Level 7.9 Fighting
 + Level 5.7(8.5) Axes
 + Level 9.8(10.4) Polearms
 + Level 9.0 Armour
 + Level 4.0 Dodging
 - Level 1.3 Spellcasting


You had 10 spell levels left.
You didn't know any spells.
Your spell library was empty.

Dungeon Overview and Level Annotations

Branches:
Dungeon (8/15)             Temple (0/1) D:7            Lair (0/6) D:8

Altars:
Okawaru
Vehumet

Shops:
D:1 *   D:4 [


Innate Abilities, Weirdness & Mutations

You have a pair of horns on your head.
You reflexively headbutt those who attack you in melee.


Message History

The six-headed hydra bites you! The six-headed hydra bites you.
The six-headed hydra bites you but does no damage.
The six-headed hydra closely misses you.
The six-headed hydra bites you but does no damage. x2
The six-headed hydra is no longer moving slowly.
There is an open gate here.
A red film seems to cover your vision as you go berserk!
You feel yourself moving faster!
You feel mighty!
The six-headed hydra bites you but does no damage.
The six-headed hydra bites you.
The six-headed hydra bites you but does no damage. x2
The six-headed hydra bites you! The six-headed hydra bites you.
You feel a strong urge to attack something.
You feel your anger nearly subside.
You are no longer berserk.
You are exhausted.
You feel yourself slow down.
You see here a +1 hand axe of flaming.
The six-headed hydra bites you!
* * * LOW HITPOINT WARNING * * *
The six-headed hydra bites you but does no damage.
The six-headed hydra bites you.
The six-headed hydra bites you but does no damage. x3
Things that are here:
a dream sheep corpse; a dream sheep corpse Your skin crawls.
You feel strong-willed.
The six-headed hydra closely misses you.
You furiously retaliate!
You headbutt the six-headed hydra! The six-headed hydra bites you!
* * * LOW HITPOINT WARNING * * *
The six-headed hydra bites you but does no damage. x2
The six-headed hydra bites you.
* * * LOW HITPOINT WARNING * * *
The six-headed hydra bites you but does no damage.
The six-headed hydra barely misses you. You furiously retaliate!
You headbutt the six-headed hydra. The six-headed hydra barely misses you.
The six-headed hydra bites you!
* * * LOW HITPOINT WARNING * * *
The six-headed hydra bites you!
You die...

#.######.##.....#.)#
#........###'''###+#
..........#.....≈≈.#
#.#######.#.♣.♣.≈≈P#
#.#..♣..P≈≈#
#.#.♣)♣).≈P#
#.#.K≈.K≈PP#
#.####†#####
#...@D.# ########


You could see a six-headed hydra and a kobold brigand.

Vanquished Creatures
  2 dream sheep (D:8)
  2 wargs (D:8)
  A steam dragon (D:8)
  2 acid dragons (D:8)
  An ice beast (D:8)
  3 orc warriors
  An ogre (D:5)
  2 centaurs
  3 kobold brigands
  2 bullfrogs
  2 gnoll sergeants
  A scorpion (D:6)
  2 wyvern skeletons (D:6)
  4 wights (D:6)
  A bullfrog zombie (D:5)
  2 centaur zombies
  2 centaur skeletons (D:7)
  A jelly (D:6)
  2 gnoll shamans
  2 orc priests (D:8)
  Terence (D:3)
  6 orc wizards
  19 gnolls
  5 adders
  2 shadow imps
  A white imp (D:6)
  An ufetubus (D:7)
  An adder skeleton (D:5)
  3 worms (D:2)
  2 dart slugs
  26 orcs
  8 bats
  2 endoplasms (D:3)
  A giant cockroach (D:2)
  5 goblins
  5 hobgoblins
  4 jackals (D:2)
  3 quokkas
  4 ball pythons
  4 frilled lizards
  10 kobolds
  A rat (D:2)
  A bush (D:5)
153 creatures vanquished.

Vanquished Creatures (others)
  A plant (D:8)
1 creature vanquished.

Grand Total: 154 creatures vanquished

Notes
Turn   | Place    | Note
-------+----------+-------------------------------------------
     0 | D:1      | dohliylev the Minotaur Berserker began the quest for the
                  | Orb.
     0 | D:1      | Reached XP level 1. HP: 19/19 MP: 0/0
   383 | D:1      | Found a faded altar of an unknown god.
   452 | D:1      | Reached XP level 2. HP: 27/27 MP: 1/1
   718 | D:1      | Found Pecwatin's Assorted Antiques.
   957 | D:2      | Reached XP level 3. HP: 19/33 MP: 2/2
  1116 | D:2      | Found an iron altar of Okawaru.
  2031 | D:2      | Reached ** piety under Trog
  2037 | D:2      | Reached XP level 4. HP: 38/41 MP: 4/4
  2387 | D:3      | Reached skill level 1 in Spellcasting
  2391 | D:3      | Reached skill level 5 in Axes
  2391 | D:3      | Reached XP level 5. HP: 31/47 MP: 0/5
  2650 | D:3      | You fall into a shaft and drop 2 floors!
  2650 | D:5      | Entered Level 5 of the Dungeon
  2658 | D:5      | Noticed an ogre
  2662 | D:5      | Killed an ogre
  2711 | D:5      | Reached skill level 5 in Fighting
  2875 | D:4      | Found Jidghac's Armour Boutique.
  3051 | D:3      | Noticed Terence
  3059 | D:3      | Reached XP level 6. HP: 56/56 MP: 2/7
  3074 | D:3      | Killed Terence
  3075 | D:3      | Reached skill level 1 in Polearms
  4502 | D:5      | Found a radiant altar of Vehumet.
  4567 | D:5      | Reached XP level 7. HP: 51/61 MP: 2/8
  5729 | D:6      | Reached skill level 5 in Armour
  5933 | D:6      | Reached *** piety under Trog
  5934 | D:6      | Reached skill level 5 in Polearms
  6014 | D:6      | Identified the +3 scythe "Igigguo" {freeze, rF+}
  6099 | D:6      | Reached XP level 8. HP: 22/70 MP: 1/9
  7743 | D:7      | Found a staircase to the Ecumenical Temple.
  8070 | D:8      | Reached XP level 9. HP: 12/79 MP: 3/10
  8358 | D:8      | Found a staircase to the Lair.
  8721 | D:8      | Noticed a three-headed hydra
  8739 | D:8      | HP: 1/81 [six-headed hydra (10)]
  8739 | D:8      | Mangled by a six-headed hydra

Illustrated notes

Levels and vault maps discovered:
D:1:      nzn_arrival_settlement, layout_basic, serial_shops,
          nicolae_shop_crystal, shapermc_ecumenical_altar_mp_urbaneastern
D:2:      layout_basic, basic_altar, kennysheep_generic_room_4
D:3:      layout_loops_ring, uniq_terence
D:4:      layout_loops_corners, serial_shops, nicolae_shop_trees,
          serial_bayou_ford_a
D:5:      layout_loops_ring, nicolae_vehumet_radiance, kb_lookout_dungeons_type
D:6:      layout_cave_pods
D:7:      layout_basic, minmay_temple_entry_poolview
D:8:      layout_loops_ring, erik_lair_orcish_takeover, hangedman_ranch

Skill      XL: |  1  2  3  4  5  6  7  8  9 |
---------------+----------------------------+-----
Fighting       | 4 5 6 7 |  7.9
Axes           | 4 5 |  5.7
Dodging        | 3 4 |  4.0
Spellcasting   | 1 |  1.3
Armour         | 3 4 5 7 9 |  9.0
Polearms       | 3 5 7 9 |  9.8

Action                   |  1- 3 |  4- 6 |  7- 9 || total
-------------------------+-------+-------+-------++-------
Melee: Hand axe          |    76 |    27 |       ||   103
       Headbutt          |    17 |    17 |    38 ||    72
       Halberd           |       |    79 |    97 ||   176
       Scythe            |       |       |   107 ||   107
Invok: Berserk           |     1 |     3 |     5 ||     9
       Trog's Hand       |       |       |     5 ||     5
  Use: Scroll            |       |       |     6 ||     6
Armor: Animal skin       |    16 |       |       ||    16
       Ring mail         |       |    12 |       ||    12
       Chain mail        |       |    19 |    54 ||    73
       Plate armour      |       |       |    94 ||    94
Dodge: Dodged            |    45 |    50 |   110 ||   205
